 Dungeon Crawl Stone Soup version 0.21.1-1-g345015f (webtiles) character file.

2827 sking99 the Grappler (level 9, -3/88 HPs)
             Began as a Troll Monk on June 23, 2018.
             Was a Believer of Elyvilon.
             Slain by a basilisk (7 damage)
             ... on level 8 of the Dungeon on June 24, 2018.
             The game lasted 00:22:45 (5980 turns).

sking99 the Grappler (Troll Monk)                   Turns: 5980, Time: 00:22:45

Health: -3/88      AC:  7    Str: 21    XL:     9   Next: 45%
Magic:  8/8        EV:  1    Int:  6    God:    Elyvilon [**....]
Gold:   309        SH:  0    Dex: 15    Spells: 8/8 levels left

rFire    . . .     SeeInvis .     - Unarmed
rCold    . . .     Gourm    +   (no shield)
rNeg     + + +     Faith    .   a - +1 robe
rPois    ∞         Spirit   .   (helmet restricted)
rElec    .         Reflect  .   (no cloak)
rCorr    .         Harm     .   (gloves unavailable)
MR       .....                  (boots unavailable)
Stlth    ++........             p - amulet of magic regeneration
HPRegen  0.64/turn              (no ring)
MPRegen  0.36/turn              q - +1 ring of protection

@: petrified, protection
A: large, unfitting armour, claws 3, fast metabolism 3, gourmand, regeneration
1, shaggy fur 1, tough skin 2
a: Lesser Healing, Heal Other, Divine Protection, Renounce Religion


You were on level 8 of the Dungeon.
You worshipped Elyvilon.
Elyvilon was pleased with you.
You were very full.

You visited 2 branches of the dungeon, and saw 9 of its levels.

You collected 309 gold pieces.

Inventory:

Missiles
 u - 4 large rocks
 D - 36 stones (quivered)
Armour
 a - a +1 robe (worn)
 n - a +0 shield
Jewellery
 f - an uncursed ring of loudness
 p - an amulet of magic regeneration (around neck)
 q - a +1 ring of protection (right claw)
 v - an uncursed amulet of faith
 y - an uncursed ring of ice {unknown}
 E - a cursed amulet of inaccuracy {unknown}
Wands
 C - a wand of flame (58)
Scrolls
 d - 16 scrolls of identify
 e - a scroll of remove curse
 h - 4 scrolls of enchant armour
 i - a scroll of magic mapping
 k - 4 scrolls of amnesia
 l - 3 scrolls of teleportation
 m - 2 scrolls of enchant weapon {unknown}
 o - a scroll of fog
 A - a scroll of fear {unknown}
 B - a scroll of blinking {unknown}
Potions
 c - a potion of ambrosia
 g - 2 potions of degeneration {unknown}
 j - 4 potions of lignification {unknown}
 r - a potion of curing {unknown}
 s - 2 potions of invisibility {unknown}
 t - 3 potions of heal wounds {unknown}
 w - a potion of berserk rage {unknown}
Books
 x - a book of Conjurations

   Spells                             Type                      Level
   a - Magic Dart                     Conjuration                  1
   b - Searing Ray                    Conjuration                  2
   c - Dazzling Spray                 Conjuration/Hexes            3
   d - Fulminant Prism                Conjuration/Hexes            4
   e - Force Lance                    Conjuration/Translocation    4
   f - Iskenderun's Mystic Blast      Conjuration                  4
Comestibles
 b - 12 rations
 z - 6 chunks of flesh


   Skills:
 + Level 5.4 Fighting
 + Level 5.5 Dodging
 - Level 1.0 Stealth
 * Level 4.3 Shields
 * Level 9.0 Unarmed Combat


You had 8 spell levels left.
You didn't know any spells.

Dungeon Overview and Level Annotations

Branches:
Dungeon (8/15)             Temple (1/1) D:6            Lair (0/6) D:8

Altars:
Ashenzari
Cheibriados
Dithmenos
Elyvilon
Fedhas
Gozag
Hepliaklqana
Kikubaaqudgha
Makhleb
Nemelex Xobeh
Okawaru
Qazlal
Sif Muna
Trog
Vehumet
Wu Jian
Xom
Yredelemnul
Zin

Annotations:
D:8 Shutra's ghost, novice MfGl


Innate Abilities, Weirdness & Mutations

You are too large for most types of armour.
You have claws for hands.
Your metabolism is lightning-fast.
You like to eat raw meat.
Your natural rate of healing is unusually fast.
You are covered in fur. (AC +1)
You have very tough skin. (AC +2)


Message History

The basilisk bites you. Shutra's ghost hits you!
* * * LOW HITPOINT WARNING * * *
You claw Shutra's ghost!
Shutra's ghost is heavily damaged.
The basilisk gazes at you.
You are slowing down.
Shutra's ghost hits you.
* * * LOW HITPOINT WARNING * * *
You don't know any spells.
You beseech Elyvilon to protect your life.
The basilisk gazes at you.
Your limbs have turned to stone.
Shutra's ghost hits you!
* * * LOW HITPOINT WARNING * * *
The basilisk bites you!
* * * LOW HITPOINT WARNING * * *
You have turned to stone.
Shutra's ghost hits you. The basilisk bites you!
Elyvilon protects you from harm! Shutra's ghost hits you.
The basilisk bites you!
You die...

. #+#.. ..#.#.# .#.#
.#.#.# .... . ..#.#
... ##. #.#.######..
.... #.#.......#
##....
#.........##......
#@l.......#.†P....
#W..........P.....
#.........##.......>.
#.........###..P.....
#.........# ##.......
#.........# ##......
#..#+###### ##..).
#.. ##.. #.. ..


You could see a basilisk and Shutra's ghost.

Vanquished Creatures
  The ghost of DerDrache the Cleaver, a novice MiBe of Trog (D:7)
  An elephant (D:7)
  A hippogriff (D:7)
  Eustachio (D:6)
  A hungry ghost (D:7)
  A water moccasin (D:6)
  2 ice beasts
  A centaur (D:7)
  A crocodile (D:8)
  2 bullfrogs (D:7)
  A big kobold (D:7)
  A scorpion (D:5)
  A howler monkey (D:4)
  A centaur zombie (D:6)
  A jelly (D:5)
  3 orc priests (D:3)
  A hound (D:4)
  6 orc wizards
  An iguana (D:6)
  5 worker ants
  A hound skeleton (D:4)
  Robin (D:3)
  7 adders
  4 shadow imps
  An adder zombie (D:7)
  A worm (D:3)
  A dart slug (D:4)
  6 leopard geckos
  17 orcs
  A ball python (D:3)
  5 giant cockroaches
  6 goblins
  15 hobgoblins
  8 jackals
  3 quokkas
  8 bats
  8 frilled lizards
  19 kobolds
  2 quokka skeletons
  14 rats
161 creatures vanquished.

Notes
Turn   | Place    | Note
-------+----------+-------------------------------------------
     0 | D:1      | sking99 the Troll Monk began the quest for the Orb.
     0 | D:1      | Reached XP level 1. HP: 22/22 MP: 0/0
    59 | D:1      | Reached XP level 2. HP: 29/29 MP: 1/1
   937 | D:2      | Reached XP level 3. HP: 32/36 MP: 2/2
  1180 | D:2      | Reached skill level 4 in Unarmed Combat
  1606 | D:2      | Reached XP level 4. HP: 40/44 MP: 3/3
  1757 | D:3      | Noticed Robin
  1760 | D:3      | Reached XP level 5. HP: 53/53 MP: 4/4
  1773 | D:3      | Killed Robin
  1859 | D:3      | Reached skill level 5 in Unarmed Combat
  2101 | D:3      | Noticed an ice beast
  2109 | D:3      | Killed an ice beast
  2109 | D:3      | Reached XP level 6. HP: 35/61 MP: 5/5
  2940 | D:4      | Reached skill level 6 in Unarmed Combat
  2993 | D:4      | Reached XP level 7. HP: 60/68 MP: 6/6
  3212 | D:5      | Entered Level 5 of the Dungeon
  3304 | D:5      | Found a shattered altar of Ashenzari.
  3856 | D:5      | Found the +0 sword of Power
  4210 | D:6      | Noticed Eustachio
  4217 | D:6      | Killed Eustachio
  4217 | D:6      | Reached skill level 7 in Unarmed Combat
  4258 | D:6      | Reached XP level 8. HP: 42/79 MP: 7/7
  4396 | D:6      | Reached skill level 1 in Shields
  4662 | D:6      | Found a staircase to the Ecumenical Temple.
  4671 | Temple   | Entered the Ecumenical Temple
  4812 | Temple   | Became a worshipper of Elyvilon the Healer
  4812 | Temple   | Reached * piety under Elyvilon
  4812 | Temple   | Reached ** piety under Elyvilon
  4934 | D:7      | Noticed DerDrache's ghost (novice MiBe)
  5046 | D:7      | Found an opulent altar of Gozag.
  5210 | D:7      | Killed DerDrache's ghost
  5210 | D:7      | Reached skill level 5 in Fighting
  5210 | D:7      | Reached skill level 5 in Dodging
  5210 | D:7      | Reached skill level 8 in Unarmed Combat
  5385 | D:7      | Found a blossoming altar of Fedhas.
  5397 | D:7      | Reached XP level 9. HP: 83/88 MP: 8/8
  5789 | D:8      | Noticed an elephant
  5790 | D:8      | Found a staircase to the Lair.
  5804 | D:8      | Noticed Shutra's ghost (novice MfGl)
  5933 | D:7      | Killed an elephant
  5933 | D:7      | Reached skill level 9 in Unarmed Combat
  5978 | D:8      | HP: 3/88 [basilisk (11)]
  5979 | D:8      | Elyvilon protects you from harm!
  5980 | D:8      | Slain by a basilisk

Skill      XL: |  1  2  3  4  5  6  7  8  9 |
---------------+----------------------------+-----
Unarmed Combat | 4 5 6 7 8 9 |  9.0
Fighting       | 3 4 5 |  5.4
Dodging        | 3 4 5 |  5.5
Shields        | 3 4 |  4.3
Stealth        | |  1.0

Action                   |  1- 3 |  4- 6 |  7- 9 || total
-------------------------+-------+-------+-------++-------
Melee: Unarmed           |   110 |   170 |   240 ||   520
       Punch             |     1 |     3 |    11 ||    15
Invok: Lesser Healing    |       |       |     2 ||     2
       Divine Protection |       |       |     1 ||     1
  Use: Scroll            |       |     8 |     1 ||     9
 Stab: Sleeping          |     5 |     6 |     2 ||    13
  Eat: Chunk             |    20 |    13 |    27 ||    60
Armor: Robe              |    29 |    39 |    61 ||   129
Dodge: Dodged            |    66 |    96 |   111 ||   273
